 Dungeon Crawl Stone Soup version 0.30-a0-371-gad7725a93e (webtiles) character file.

Game seed: 4253473477677548136

590 mobinator the Basher (level 7, -8/58 HPs)
             Began as a Hill Orc Monk on Nov 22, 2022.
             Mangled by a wyvern zombie (10 damage)
             ... in an ossuary.
             The game lasted 00:09:20 (3051 turns).

mobinator the Basher (Hill Orc Monk)                Turns: 3051, Time: 00:09:21

Health: -8/58      AC:  7    Str: 16    XL:     7   Next: 39%
Magic:  7/7        EV: 15    Int: 10    God:
Gold:   159        SH:  0    Dex: 13    Spells: 6/6 levels left

rFire   . . .      SeeInvis .    a - +0 mace
rCold   . . .      Faith    .    i - orb {light}
rNeg    . . .      Spirit   .    p - +0 ring mail
rPois   .          Reflect  .    v - +0 helmet
rElec   .          Harm     .    l - +0 cloak
rCorr   .          Rampage  .    (no gloves)
Will    .....                    (no boots)
Stlth   +.........               (no amulet)
HPRegen 0.29/turn                t - +4 ring of evasion
MPRegen 0.10/turn                (no ring)

@: on berserk cooldown, slowed, glowing, very slow
A: no striking features
a: no special abilities


You were in an ossuary.
You visited 1 branch of the dungeon, and saw 4 of its levels.
You also visited: Ossuary.

You collected 159 gold pieces.

Inventory:

Hand Weapons
 a - a +0 mace (weapon)
 q - a +0 sling
Armour
 b - a +0 robe
 d - a +0 leather armour
 i - an orb of light (worn)
 l - a +0 cloak (worn)
 p - a +0 ring mail (worn)
 v - a +0 helmet (worn)
Jewellery
 t - a +4 ring of evasion (left hand)
Wands
 w - a wand of flame (20)
Scrolls
 e - 5 scrolls of identify {unknown}
 g - a scroll of brand weapon {unknown}
 k - 2 scrolls of teleportation {unknown}
 n - a scroll of amnesia {unknown}
 o - 2 scrolls of magic mapping {unknown}
 s - a scroll of summoning {unknown}
Potions
 c - 2 potions of ambrosia
 f - a potion of flight {unknown}
 h - a potion of haste {unknown}
 j - a potion of mutation {unknown}
 m - 3 potions of berserk rage
 r - 2 potions of curing
 u - a potion of brilliance {unknown}


   Skills:
 - Level 3.8 Fighting
 + Level 8.9 Maces & Flails
 - Level 2.5 Dodging
 - Level 1.7 Stealth


You had 6 spell levels left.
You didn't know any spells.
Your spell library contained the following spells:

 Spells                   Type           Power      Damage    Failure   Level
 Magic Dart               Conj           0%         1d3       58%         1
 Call Imp                 Summ           0%         N/A       73%         2
 Mephitic Cloud           Conj/Pois/Air  0%         N/A       91%         3


Dungeon Overview and Level Annotations

Branches:
Dungeon (4/15)            Ossuary (1/1)
 Temple: D:4-7

Altars:
Fedhas
Trog


Message History

The mummy completely misses you.
You completely miss the mummy.
The mummy is severely damaged.
The mummy misses you.
You hit the mummy.
The mummy is almost destroyed.
The mummy closely misses you.
You hit the mummy.
You destroy the mummy!
You hit the mummy.
The mummy is lightly damaged.
The mummy hits you!
You hit the mummy.
The mummy is moderately damaged.
You hit the mummy.
The mummy is heavily damaged.
The mummy hits you!
* * * LOW HITPOINT WARNING * * *
It was a potion of berserk rage.
A red film seems to cover your vision as you go berserk!
You feel yourself moving faster!
You feel mighty! The mummy hits you!
* * * LOW HITPOINT WARNING * * *
You hit the mummy.
The mummy is severely damaged.
You sock the mummy!
You destroy the mummy!
You bludgeon the bullfrog zombie!!
The bullfrog zombie is severely damaged.
The bullfrog zombie completely misses you.
You thump the bullfrog zombie!
You destroy the bullfrog zombie!
You are too berserk!
There is an open door here.
A wyvern zombie comes into view.
You feel a strong urge to attack something.
A wyvern zombie comes into view.
You feel your anger nearly subside.
You are no longer berserk.
You are exhausted.
You feel yourself slow down. The wyvern zombie bites you!
You die...

#'# ..+
#.# #.+
'.## #Z'
###Z###
#.'@'.#
#####.###
#∩..#.'.#
#.∩.'.###
#...#.'.#
#####.###
..+ #+#


You could see 2 wyvern zombies.

Vanquished Creatures
  Sigmund (D:3)
  A phantom (D:4)
  A scorpion (D:4)
  A bullfrog zombie (Ossuary)
  3 hounds (D:4)
  6 mummies (Ossuary)
  2 adders (D:2)
  A worm (D:2)
  2 orcs (D:4)
  4 ball pythons
  10 endoplasms
  10 giant cockroaches
  9 goblins
  4 hobgoblins
  2 jackals (D:2)
  6 kobolds
  4 quokkas
  5 bats
  4 frilled lizards
  8 rats
84 creatures vanquished.

Notes
Turn   | Place    | Note
-------+----------+-------------------------------------------
     0 | D:1      | mobinator the Hill Orc Monk began the quest for the Orb.
     0 | D:1      | Reached XP level 1. HP: 19/19 MP: 1/1
   434 | D:1      | Reached XP level 2. HP: 27/27 MP: 2/2
   585 | D:1      | Reached skill level 4 in Maces & Flails
   777 | D:1      | Reached XP level 3. HP: 33/33 MP: 3/3
  1072 | D:2      | Reached XP level 4. HP: 23/40 MP: 4/4
  1167 | D:2      | Reached skill level 5 in Maces & Flails
  1596 | D:3      | Found a bloodstained altar of Trog.
  1781 | D:3      | Noticed Sigmund
  1795 | D:3      | Killed Sigmund
  1796 | D:3      | Reached skill level 7 in Maces & Flails
  1796 | D:3      | Reached XP level 5. HP: 36/46 MP: 5/5
  1796 | D:3      | Reached XP level 6. HP: 41/52 MP: 6/6
  2642 | D:4      | Found a blossoming altar of Fedhas.
  2892 | D:4      | Reached skill level 8 in Maces & Flails
  2892 | D:4      | Reached XP level 7. HP: 50/58 MP: 7/7
  2980 | D:4      | Found a sand-covered staircase.
  2985 | Ossuary  | Entered an ossuary
  3043 | Ossuary  | HP: 1/87 [mummy (7)]
  3051 | Ossuary  | Mangled by a wyvern zombie

Illustrated notes

Levels and vault maps discovered:
D:1:      nagdon_arrival_double_spiral, layout_basic, serial_bayou_pond_e
D:2:      layout_rooms, st_stairs_9, minmay_circle_x
D:3:      layout_basic, lemuel_crystal_altar, serial_bayou_pond_d, uniq_sigmund
D:4:      layout_basic, mainiacjoe_overflow_alcove_4,
          mainiacjoe_overflow_small_starburst, nicolae_ossuary_entry_ruins
Ossuary:  ossuary_zaba_flooded

Skill      XL: |  1  2  3  4  5  6 |
---------------+-------------------+-----
Maces & Flails | 4 7 8 |  8.9
Fighting       | |  3.8
Dodging        | |  2.5
Stealth        | |  1.7

Action                   |  1- 3 |  4- 6 |  7- 9 || total
-------------------------+-------+-------+-------++-------
Melee: Mace              |   113 |   135 |    48 ||   296
  Use: Potion            |       |       |     2 ||     2
 Stab: Sleeping          |     1 |       |       ||     1
Armor: Leather armour    |    16 |       |       ||    16
       Ring mail         |    33 |    42 |     4 ||    79
Dodge: Dodged            |    84 |   109 |    24 ||   217

Table legend: (Time is in decaauts)
 A = Elapsed time spent in this place.
 B = Non-inter-level travel time spent in this place.
 C = Inter-level travel time spent in this place.
 D = Time resting spent in this place.
 E = Time spent auto-exploring this place.
 F = Levels seen in this place.
 G = Mean time per level.
                   A        B        C        D        E       F      G
               +--------+--------+--------+--------+--------+-----+--------+
         Total |   3084 |   3058 |     26 |    298 |   1618 |   5 |  616.8 |
       Dungeon |   3022 |   2996 |     26 |    298 |   1618 |   4 |  755.5 |
       Ossuary |     61 |     61 |      0 |      0 |      0 |   1 |   61.0 |
               +--------+--------+--------+--------+--------+-----+--------+

Top non-repeatable levels by time:
     D:3: 1046 daAuts
     D:1: 919 daAuts
     D:2: 664 daAuts
     D:4: 391 daAuts
 Ossuary: 61 daAuts
